 Dungeon Crawl Stone Soup version 0.30-a0-739-gea05faddec (webtiles) character file.

Game seed: 12191038206954612313

357 M4edhros the Insei (level 6, -2/57 HPs)
             Began as an Octopode Transmuter on Feb 4, 2023.
             Killed by divine providence
             ... invoked by an orc priest
              (13 damage)
             ... on level 4 of the Dungeon.
             The game lasted 00:03:23 (1613 turns).

M4edhros the Insei (Octopode Transmuter)            Turns: 1613, Time: 00:03:23

Health: -2/57      AC: 19    Str:  9    XL:     6   Next: 64%
Magic:  9/9        EV:  2    Int: 15    God:
Gold:   114        SH:  0    Dex: 15    Spells: 8/9 levels left

rFire   . . .      SeeInvis .      - Unarmed
rCold   . . .      Faith    .    (no shield)
rNeg    . . .      Spirit   .    (helmet currently unavailable)
rPois   +          Reflect  .    (no amulet)
rElec   .          Harm     .    (no ring)
rCorr   .          Rampage  .    (no ring)
Will    .....      NoTele   +    (no ring)
Stlth   +                        (no ring)
HPRegen 0.29/turn                (no ring)
MPRegen 0.11/turn                (no ring)
                                 (no ring)
                                 (no ring)

@: tree-form, corroded
A: stationary, stasis, torment immunity, boosted hp, almost no armour,
(amphibious), 8 rings, (camouflage 1), (gelatinous body 1), (nimble swimmer 1),
(tentacles)
a: no special abilities


You were on level 4 of the Dungeon.
You were a tree.
You visited 1 branch of the dungeon, and saw 4 of its levels.

You collected 114 gold pieces.

Inventory:

Hand Weapons
 j - a +1 sling of flaming
Missiles
 e - 7 poisoned darts (quivered)
Wands
 d - a wand of polymorph (1)
Scrolls
 b - 3 scrolls of blinking
 h - a scroll of teleportation {unknown}
 i - a scroll of noise {unknown}
 k - a scroll of vulnerability {unknown}
Potions
 a - a potion of degeneration {unknown}
 f - a potion of magic {unknown}
 g - a potion of attraction {unknown}


   Skills:
 - Level 1.0 Fighting
 - Level 2.0 Dodging
 + Level 5.5 Unarmed Combat
 - Level 2.0 Spellcasting
 + Level 5.0 Transmutations


You had 8 spell levels left.
You knew the following spells:

 Your Spells              Type           Power      Damage    Failure   Level
a - Beastly Appendage     Tmut           32%        N/A       2%          1

Your spell library contained the following spells:

 Spells                   Type           Power      Damage    Failure   Level
 Wereblood                Tmut           16%        N/A       4%          2
 Spider Form              Tmut/Pois      9%         N/A       24%         3
 Ignite Poison            Fire/Tmut/Pois 6%         N/A       32%         3
 Kindle Blastsparks       Fire/Tloc/Air  2%         2d10      54%         3
 Ice Form                 Ice/Tmut       9%         N/A       61%         4
 Freezing Cloud           Conj/Ice/Air   0%         6-21      99%         5


Dungeon Overview and Level Annotations

Branches:
Dungeon (4/15)
 Temple: D:4-7

Altars:


Innate Abilities, Weirdness & Mutations

You are a tree.
Your roots penetrate the ground, keeping you stationary.
You cannot be teleported.
You are immune to unholy pain and torment.
Your maximum health is greatly increased.
You cannot wear most types of armour.
((You are amphibious.))
You can wear up to eight rings at the same time.
((Your skin changes colour to match your surroundings (Stealth+).))
((Your rubbery body absorbs attacks. (AC +1, EV +1)))
((You are camouflaged when in or above water. (Stealth+)))
((You have tentacles for arms and can constrict up to eight enemies at once.))


Message History

Press: ? - help, Shift-Dir - straight line, f - orc priest
Aim: an orc priest, wielding a +0 flail (will become a quokka, an adder, or a hound, chance to affect: 49%)
A jelly appears out of thin air!
Reactivating autopickup.
Really quaff the potion of lignification?
Your tentacle spike disappears.
You turn into a tree.
Your roots penetrate the ground.
The jelly hits you but does no damage.
The orc priest hits you with a +0 flail.
You hear some strange, mumbled words.
A puff of flame appears from out of thin air!
Deactivating autopickup; reactivate with Ctrl-A.
The puff of flame hits you but does no damage.
You smack the jelly!
The acid corrodes you!
Your branches burn!
The jelly is almost dead.
The jelly hits you but does no damage.
The orc priest hits you but does no damage.
You hit the jelly but do no damage.
Your branches burn!
The jelly is almost dead.
The jelly hits you but does no damage.
The orc priest casts a cantrip, but nothing happens.
Something hits you but does no damage.
You smack the jelly!
You kill the jelly!
The orc wizard returns to its original shape as it dies.
Your Transmutations skill increases to level 5!
You barely miss the orc priest. The orc hits you but does no damage.
Something hits you but does no damage.
The orc priest hits you with a +0 flail!
* * * LOW HITPOINT WARNING * * *
Aiming: Polymorph
Press: ? - help, Shift-Dir - straight line, f/p - orc priest
Aim: an orc priest, wielding a +0 flail (will become a quokka, an adder, or a hound, chance to affect: 49%)
A hound appears out of thin air!
Reactivating autopickup.
The orc hits you with a +0 whip.
* * * LOW HITPOINT WARNING * * *
The orc priest invokes the aid of Beogh against you.
Beogh smites you!
You die...

#.....#####..# #########
##.## #
##....###..#############
##.......##..#...........
##.........##.............
#.............##########..
##....<.......## #..
#........o.÷...## #..
#........o♣.....### #..
#........)h.#.....### #..
#...........###.....## #..
##........).##
##.....####..
#..........## ###.....##..
#.........## ###.......
##.......## ###..)..
#......## ###... ##...###
##...


You could see a hound, an orc priest and an orc.

Vanquished Creatures
  A scorpion (D:3)
  2 howler monkeys (D:4)
  A jelly (D:4)
  A hound (D:4)
  An iguana (D:4)
  An orc wizard (D:4)
  4 gnolls (D:4)
  2 adders (D:3)
  A white imp (D:3)
  A dart slug (D:3)
  7 orcs
  2 ball pythons
  2 bats
  2 endoplasms
  3 giant cockroaches
  4 goblins
  4 hobgoblins
  2 jackals (D:4)
  A quokka (D:4)
  3 kobolds
  2 rats
47 creatures vanquished.

Notes
Turn   | Place    | Note
-------+----------+-------------------------------------------
     0 | D:1      | M4edhros the Octopode Transmuter began the quest for the
                  | Orb.
     0 | D:1      | Reached XP level 1. HP: 13/13 MP: 3/3
   115 | D:1      | Reached XP level 2. HP: 12/18 MP: 5/5
   318 | D:3      | Noticed a scorpion
   503 | D:3      | Reached XP level 3. HP: 17/23 MP: 3/6
   647 | D:4      | Noticed an ogre
   654 | D:4      | Reached XP level 4. HP: 13/28 MP: 5/7
   660 | D:4      | an ogre changed into a howler monkey
   673 | D:4      | Reached XP level 5. HP: 6/33 MP: 6/8
   832 | D:3      | Reached skill level 5 in Unarmed Combat
   836 | D:3      | HP: 1/33 [poisoned by a scorpion]
   975 | D:4      | Reached XP level 6. HP: 25/38 MP: 7/9
  1612 | D:4      | Reached skill level 5 in Transmutations
  1613 | D:4      | Killed from afar by an orc priest

Illustrated notes

Levels and vault maps discovered:
D:1:      psy_arrival_radial02, layout_loops_ring
D:2:      layout_loops_ring, dreamdust_ecumenical_altar_angels_and_demons,
          minmay_pentomino_t4, uniq_terence, uniq_natasha, uniq_sigmund
D:3:      layout_basic, mainiacjoe_overflow_six_doors_small,
          dreamdust_princess_bridge
D:4:      layout_cave_pods, st_stairs_3

Skill      XL: |  1  2  3  4  5  6 |
---------------+-------------------+-----
Transmutations | 3 4 5 |  5.0
Unarmed Combat | 4 5 |  5.5
Fighting       | |  1.0
Dodging        | |  2.0
Spellcasting   | |  2.0

Action                     |  1- 3 |  4- 6 || total
---------------------------+-------+-------++-------
  Melee: Unarmed           |    54 |    63 ||   117
         Kick              |    12 |    23 ||    35
         Tentacles         |    12 |    12 ||    24
         Constrict         |    10 |    14 ||    24
         Punch             |     2 |     4 ||     6
   Cast: Beastly Appendage |    11 |     8 ||    19
  Evoke: Wand              |       |     4 ||     4
    Use: Potion            |     1 |     1 ||     2
         Scroll            |     1 |       ||     1
   Stab: Sleeping          |     2 |       ||     2
 Armour: Skin              |    20 |    12 ||    32
  Dodge: Dodged            |    30 |    45 ||    75

Table legend: (Time is in decaauts)
 A = Elapsed time spent in this place.
 B = Non-inter-level travel time spent in this place.
 C = Inter-level travel time spent in this place.
 D = Time resting spent in this place.
 E = Time spent auto-exploring this place.
 F = Levels seen in this place.
 G = Mean time per level.
                   A        B        C        D        E       F      G
               +--------+--------+--------+--------+--------+-----+--------+
         Total |   1605 |   1589 |     16 |    344 |    838 |   4 |  401.2 |
       Dungeon |   1605 |   1589 |     16 |    344 |    838 |   4 |  401.2 |
               +--------+--------+--------+--------+--------+-----+--------+

Top non-repeatable levels by time:
     D:4: 688 daAuts
     D:3: 616 daAuts
     D:1: 161 daAuts
     D:2: 139 daAuts
